 Dungeon Crawl Stone Soup version 0.26-a0-837-g5a8a614f01 (webtiles) character file.

Game seed: 696396003561203465

504 Morbidden the Slasher (level 6, 48/48 HPs)
             Began as a Demonspawn Fighter on Nov 18, 2020.
             Quit the game on level 5 of the Dungeon.
             The game lasted 00:05:29 (3993 turns).

Morbidden the Slasher (Demonspawn Fighter)          Turns: 3993, Time: 00:05:30

Health: 48/48      AC: 14    Str: 19    XL:     6   Next: 96%
Magic:  6/6        EV: 23    Int:  9    God:
Gold:   214        SH: 11    Dex: 18    Spells: 5/5 levels left

rFire    . . .     SeeInvis .   a - +1 long sword
rCold    . . .     Faith    .   c - +1 kite shield
rNeg     . . .     Spirit   .   b - +0 scale mail
rPois    .         Reflect  .   i - +2 helmet
rElec    .         Harm     .   j - +0 cloak
rCorr    .         Rampage  .   k - +0 pair of gloves
MR       .....                  (no boots)
Stlth    +.........             g - amulet of the acrobat
HPRegen  0.16/turn              h - +6 ring of dexterity
MPRegen  0.10/turn              (no ring)

@: acrobat
A: talons 1, slimy green scales 1
a: no special abilities


You were on level 5 of the Dungeon.
You visited 2 branches of the dungeon, and saw 6 of its levels.

You collected 214 gold pieces.

Inventory:

Hand Weapons
 a - a +1 long sword (weapon)
Armour
 b - a +0 scale mail (worn)
 c - a +1 kite shield (worn)
 i - a +2 helmet (worn)
 j - a +0 cloak (worn)
 k - a +0 pair of gloves (worn)
Jewellery
 g - an amulet of the acrobat (around neck)
 h - a +6 ring of dexterity (left hand)
 n - an uncursed ring of flight
Wands
 p - a wand of polymorph (12)
 t - a wand of paralysis (10)
 x - a wand of acid (11)
Scrolls
 r - a scroll of remove curse
Potions
 d - a potion of might
 e - 2 potions of curing {unknown}
 f - 5 potions of heal wounds {unknown}
 l - a potion of haste {unknown}
 m - 2 potions of flight {unknown}
 s - a potion of degeneration {unknown}
 u - a potion of cancellation {unknown}
 w - 3 potions of lignification {unknown}


   Skills:
 + Level 4.0 Fighting
 + Level 4.5 Long Blades
 + Level 3.8 Armour
 + Level 1.3 Dodging
 + Level 1.1 Stealth
 + Level 3.9 Shields


You had 5 spell levels left.
You didn't know any spells.
Your spell library was empty.

Dungeon Overview and Level Annotations

Branches:
Dungeon (5/15)             Temple (1/1) D:4

Altars:
Ashenzari
Cheibriados
Dithmenos
Elyvilon
Fedhas
Gozag
Kikubaaqudgha
Makhleb
Nemelex Xobeh
Qazlal
Ru
Vehumet
Wu Jian
Xom
Yredelemnul
Zin


Innate Abilities, Weirdness & Mutations

You have sharp toenails.
You are partially covered in slimy green scales. (AC +2)


Message History

You slash the bullfrog skeleton! You claw the bullfrog skeleton.
The bullfrog skeleton is severely damaged.
You block the bullfrog skeleton's attack. x2
You barely miss the bullfrog skeleton.
The bullfrog skeleton is severely damaged.
The bullfrog skeleton hits you but does no damage.
Unknown command.
You hit the bullfrog skeleton.
You claw the bullfrog skeleton, but do no damage.
The bullfrog skeleton is almost destroyed.
You block the bullfrog skeleton's attack.
The bullfrog skeleton barely misses you.
You barely miss the bullfrog skeleton. You claw the bullfrog skeleton.
You destroy the bullfrog skeleton!
Unknown command.
No target in view!
Unknown command.
No target in view!
No target in view!
Are you sure you want to abandon this character and quit the game? (Confirm with "yes".)

≈≈≈≈≈≈..#.#
≈≈≈≈≈...#.#
≈≈≈.....#.#
....##<#..###
....†.###...#
.....#.#..#.######
.....##.#........#
....# #####.####.#
..## #.# #@# [.
#.# #.# # #.# #.#
#.# #.# #.# #.# #.
#.# #.# #.#
#.....#


There were no monsters in sight!

Vanquished Creatures
  An ice beast (D:4)
  2 scorpions (D:4)
  2 hounds (D:4)
  A bullfrog skeleton (D:5)
  3 orc wizards
  An iguana (D:4)
  4 adders
  A worm (D:4)
  A dart slug (D:1)
  5 leopard geckos
  12 orcs
  4 giant cockroaches
  A goblin (D:3)
  7 hobgoblins
  3 quokkas
  6 bats
  3 frilled lizards (D:1)
  6 kobolds
  8 rats
71 creatures vanquished.

Vanquished Creatures (others)
  4 plants (D:1)
4 creatures vanquished.

Grand Total: 75 creatures vanquished

Notes
Turn   | Place    | Note
-------+----------+-------------------------------------------
     0 | D:1      | Morbidden the Demonspawn Fighter began the quest for the
                  | Orb.
     0 | D:1      | Reached XP level 1. HP: 18/18 MP: 1/1
   365 | D:1      | Gained mutation: You are partially covered in slimy green
                  | scales. (AC +2) [demonic ancestry]
   365 | D:1      | Reached XP level 2. HP: 23/24 MP: 2/2
  1169 | D:2      | Gained mutation: You have sharp toenails. [demonic
                  | ancestry]
  1169 | D:2      | Reached XP level 3. HP: 22/29 MP: 3/3
  1697 | D:3      | Reached XP level 4. HP: 35/35 MP: 4/4
  1919 | D:3      | Found a basalt altar of Yredelemnul.
  2200 | D:3      | Found a faded altar of an unknown god.
  2497 | D:4      | Found a staircase to the Ecumenical Temple.
  2507 | Temple   | Entered the Ecumenical Temple
  2664 | D:4      | Reached XP level 5. HP: 26/41 MP: 5/5
  2688 | D:4      | Noticed an ice beast
  2699 | D:4      | Killed an ice beast
  2700 | D:4      | Reached skill level 1 in Dodging
  2700 | D:4      | Reached skill level 1 in Stealth
  2948 | D:4      | Reached XP level 6. HP: 26/47 MP: 6/6
  3279 | D:4      | Found a stormy altar of Qazlal.
  3485 | D:4      | Found a burning altar of Makhleb.
  3727 | D:4      | Found a broken altar of Ashenzari.
  3745 | D:4      | Found a snail-covered altar of Cheibriados.
  3748 | D:4      | Found a white marble altar of Elyvilon.
  3950 | D:5      | Entered Level 5 of the Dungeon
  3950 | D:5      | Found a blossoming altar of Fedhas.
  3980 | D:5      | Found an opulent altar of Gozag.
  3993 | D:5      | Quit the game

Illustrated notes

Levels and vault maps discovered:
D:1:      psy_arrival_radial02, layout_basic, serial_bayou, serial_bayou_pond_d,
          serial_bayou_shore_a, serial_bayou_pond_a, serial_bayou_lagoon_a,
          minmay_stone_trees_medium, minmay_tetromino_o2
D:2:      layout_rooms
D:3:      layout_basic, chequers_ecumenical_altar_grove, grunt_decor_cap,
          yredelemnul_altar_generic
D:4:      layout_loops_ring, makhleb_blood_cavern_becter, minitemple,
          minmay_temple_entry_stoned_glass, grunt_qazlal_clouds
D:5:      layout_loops_ring, fedhas_ov_isle_minmay,
          nicolae_overflow_hidden_temple, gup_sewer_entry_spiral, serial_shops,
          shop
Temple:   nicolae_temple_figure_zero

Skill      XL: |  1  2  3  4  5  6 |
---------------+-------------------+-----
Long Blades    | 2 3 4 |  4.5
Armour         | 3 |  3.8
Shields        | 3 |  3.9
Dodging        | 1 |  1.3
Stealth        | 1 |  1.1
Fighting       | 4 |  4.0

Action                   |  1- 3 |  4- 6 || total
-------------------------+-------+-------++-------
Melee: Long sword        |   113 |   119 ||   232
       Kick              |    18 |    45 ||    63
  Use: Scroll            |       |     5 ||     5
Armor: Scale mail        |    56 |    53 ||   109
Dodge: Dodged            |    39 |    26 ||    65
Block: Kite shield       |    60 |    67 ||   127
       Rpst.: Long sword |    12 |     9 ||    21

Table legend: (Time is in decaauts)
 A = Elapsed time spent in this place.
 B = Non-inter-level travel time spent in this place.
 C = Inter-level travel time spent in this place.
 D = Time resting spent in this place.
 E = Time spent auto-exploring this place.
 F = Levels seen in this place.
 G = Mean time per level.
                   A        B        C        D        E       F      G
               +--------+--------+--------+--------+--------+-----+--------+
         Total |   4086 |   3890 |    196 |      0 |   3327 |   6 |  681.0 |
       Dungeon |   3967 |   3771 |    196 |      0 |   3220 |   5 |  793.4 |
        Temple |    118 |    118 |      0 |      0 |    107 |   1 |  118.0 |
               +--------+--------+--------+--------+--------+-----+--------+

Top non-repeatable levels by time:
     D:4: 1363 daAuts
     D:1: 1197 daAuts
     D:3: 811 daAuts
     D:2: 548 daAuts
  Temple: 118 daAuts
     D:5: 45 daAuts
